PAA
MERCER ISLAND SCREAMING EAGLES @ SPRINGFIELD SHOOTERS
05/31/2037
 
TOP OF THE 1ST
Mercer Island Screaming Eagles batting - Pitching for Springfield Shooters : LHP Brendon Lewis
Pitching: LHP Brendon Lewis
Batting: RHB Maxence Sultanbekov 0-0: SINGLE (Flyball, 89S, EV 88.1 MPH)
Batting: RHB Asbel Kiprop 0-0: Ball
1-0: Called Strike
1-1: Ball
2-1: Ball
3-1: Called Strike
3-2: Fielders Choice at 2nd, 1-6 (Groundball, 34S, EV 89.4 MPH)
Batting: RHB Emílio Ramírez 0-0: Called Strike
0-1: Ball
1-1: Foul Ball, location: 2F
1-2: Strikes out looking
Batting: RHB Frank Ray 0-0: Called Strike
0-1: Fly out, F9 (Flyball, 9D, EV 101.2 MPH)
Top of the 1st over - 0 runs, 1 hit, 0 errors, 1 left on base; Mercer Island 0 - Springfield 0
BOTTOM OF THE 1ST
Springfield Shooters batting - Pitching for Mercer Island Screaming Eagles : RHP James Lendell Basford
Pitching: RHP James Lendell Basford
Batting: RHB Cornell MacDonald 0-0: Ball
1-0: Swinging Strike
1-1: Called Strike
1-2: Strikes out swinging
Batting: RHB Eugene Bowman 0-0: Fly out, F8 (Flyball, 8LM, EV 82.5 MPH)
Batting: RHB Brock Waxley 0-0: Ball
1-0: Fly out, F7 (Flyball, 78S, EV 88.1 MPH)
Bottom of the 1st over - 0 runs, 0 hits, 0 errors, 0 left on base; Mercer Island 0 - Springfield 0
TOP OF THE 2ND
Mercer Island Screaming Eagles batting - Pitching for Springfield Shooters : LHP Brendon Lewis
Batting: RHB Rubén Vásquez 0-0: Foul Ball, location: 2F
0-1: Ball
1-1: Fly out, F7 (Flyball, 7, EV 97.5 MPH)
Batting: RHB Charles Basle 0-0: Called Strike
0-1: Called Strike
0-2: Foul Ball, location: 2F
0-2: Foul Ball, location: 2F
0-2: Ball
1-2: Ball
2-2: Foul Ball, location: 2F
2-2: Strikes out swinging
Batting: RHB Mikael Evangjeli 0-0: Fly out, F9 (Flyball, 89D, EV 88.1 MPH)
Top of the 2nd over - 0 runs, 0 hits, 0 errors, 0 left on base; Mercer Island 0 - Springfield 0
BOTTOM OF THE 2ND
Springfield Shooters batting - Pitching for Mercer Island Screaming Eagles : RHP James Lendell Basford
Batting: LHB Jorge Ortíz 0-0: Called Strike
0-1: Ball
1-1: Ball
2-1: Called Strike
2-2: Foul Ball, location: 2F
2-2: Foul Ball, location: 2F
2-2: Strikes out swinging
Batting: RHB António Delgado 0-0: Ball
1-0: Foul Ball, location: 2F
1-1: Foul Ball, location: 2F
1-2: Ball
2-2: Ground out 4-3 (Groundball, 4, EV 102.5 MPH)
Batting: RHB Shigeaki Samurakami 0-0: Ball
1-0: Ball
2-0: Called Strike
2-1: Foul Ball, location: 2F
2-2: Strikes out swinging
Bottom of the 2nd over - 0 runs, 0 hits, 0 errors, 0 left on base; Mercer Island 0 - Springfield 0
TOP OF THE 3RD
Mercer Island Screaming Eagles batting - Pitching for Springfield Shooters : LHP Brendon Lewis
Batting: RHB Vaughn White 0-0: Ball
1-0: Foul Ball, location: 2F
1-1: DOUBLE (Flyball, 7LD, EV 95.6 MPH)
Batting: LHB Tomislav Jovovich 0-0: Called Strike
0-1: Fly out, F9 (Flyball, 89M, EV 84.4 MPH)
Batting: RHB Maxence Sultanbekov 0-0: Fly out, F3 (Line Drive, 3, EV 71.2 MPH)
Batting: RHB Asbel Kiprop 0-0: Ball
1-0: Ground out 5-3 (Groundball, 56S, EV 82.5 MPH)
Top of the 3rd over - 0 runs, 1 hit, 0 errors, 1 left on base; Mercer Island 0 - Springfield 0
BOTTOM OF THE 3RD
Springfield Shooters batting - Pitching for Mercer Island Screaming Eagles : RHP James Lendell Basford
Batting: RHB Ramón Barbosa 0-0: Ball
1-0: Called Strike
1-1: SINGLE (Groundball, 6MD, EV 103.1 MPH)
Batting: RHB Lucas Smith 0-0: Ball
1-0: Swinging Strike
1-1: Ball
2-1: Foul Ball, location: 2F
2-2: Strikes out looking
Batting: RHB Manny Valentín 0-0: Called Strike
0-1: Called Strike
0-2: Strikes out swinging
Batting: RHB Cornell MacDonald 0-0: Called Strike
0-1: Ball
1-1: Foul Ball, location: 2F
1-2: Ball
2-2: Strikes out swinging
Bottom of the 3rd over - 0 runs, 1 hit, 0 errors, 1 left on base; Mercer Island 0 - Springfield 0
TOP OF THE 4TH
Mercer Island Screaming Eagles batting - Pitching for Springfield Shooters : LHP Brendon Lewis
Batting: RHB Emílio Ramírez 0-0: Ball
1-0: Fly out, F9 (Flyball, 89M, EV 90.0 MPH)
Batting: RHB Frank Ray 0-0: Swinging Strike
0-1: Swinging Strike
0-2: Ball
1-2: Foul Ball, location: 2F
1-2: Ball
2-2: Strikes out looking
Batting: RHB Rubén Vásquez 0-0: Ground out 6-3 (Groundball, 6S, EV 80.6 MPH)
Top of the 4th over - 0 runs, 0 hits, 0 errors, 0 left on base; Mercer Island 0 - Springfield 0
BOTTOM OF THE 4TH
Springfield Shooters batting - Pitching for Mercer Island Screaming Eagles : RHP James Lendell Basford
Batting: RHB Eugene Bowman 0-0: Called Strike
0-1: Fly out, F9 (Line Drive, 9, EV 91.9 MPH)
Batting: RHB Brock Waxley 0-0: Ball
1-0: Ball
2-0: Called Strike
2-1: Called Strike
2-2: Fly out, F2 (Popup, 23F, EV 87.5 MPH)
Batting: LHB Jorge Ortíz 0-0: Ball
1-0: SINGLE (Line Drive, 78M, EV 90.6 MPH)
Batting: RHB António Delgado 0-0: Called Strike
0-1: Foul Ball, location: 2F
0-2: Ball
1-2: Ball
Jorge Ortíz is caught stealing 2nd base 2-4
Bottom of the 4th over - 0 runs, 1 hit, 0 errors, 0 left on base; Mercer Island 0 - Springfield 0
TOP OF THE 5TH
Mercer Island Screaming Eagles batting - Pitching for Springfield Shooters : LHP Brendon Lewis
Batting: RHB Charles Basle 0-0: Fly out, F7 (Flyball, 7S, EV 94.4 MPH)
Batting: RHB Mikael Evangjeli 0-0: Ball
1-0: Ball
2-0: Foul Ball, location: 2F
2-1: Ball
3-1: Called Strike
3-2: DOUBLE (Line Drive, 8RXD, EV 106.2 MPH)
Batting: RHB Vaughn White 0-0: Intentional Walk
Batting: LHB Tomislav Jovovich 0-0: Ball
1-0: Ball
2-0: Grounds into double play, 4-6-3 (Groundball, 4, EV 112.5 MPH)
Top of the 5th over - 0 runs, 1 hit, 0 errors, 1 left on base; Mercer Island 0 - Springfield 0
BOTTOM OF THE 5TH
Springfield Shooters batting - Pitching for Mercer Island Screaming Eagles : RHP James Lendell Basford
Batting: RHB António Delgado 0-0: Foul Ball, location: 2F
0-1: Foul Ball, location: 2F
0-2: Ball
1-2: Foul Ball, location: 2F
1-2: Ball
2-2: Ground out 5-3 (Groundball, 56S, EV 80.6 MPH)
Batting: RHB Shigeaki Samurakami 0-0: Ball
1-0: Called Strike
1-1: Ball
2-1: Swinging Strike
2-2: Ground out 4-3 (Groundball, 4M, EV 105.0 MPH)
Batting: RHB Ramón Barbosa 0-0: Fly out, F2 (Popup, 3SF, EV 76.2 MPH)
Bottom of the 5th over - 0 runs, 0 hits, 0 errors, 0 left on base; Mercer Island 0 - Springfield 0
TOP OF THE 6TH
Mercer Island Screaming Eagles batting - Pitching for Springfield Shooters : LHP Brendon Lewis
Batting: RHB Maxence Sultanbekov 0-0: Ball
1-0: DOUBLE (Line Drive, 7LM, EV 101.9 MPH)
Batting: RHB Asbel Kiprop 0-0: Called Strike
0-1: Ball
1-1: Called Strike
Maxence Sultanbekov steals 3rd base (no throw)
1-2: DOUBLE (Line Drive, 89M, EV 113.1 MPH)
Maxence Sultanbekov scores
Batting: RHB Emílio Ramírez 0-0: Intentional Walk
Batting: RHB Frank Ray 0-0: Called Strike
0-1: Ball
Asbel Kiprop steals 3rd base
1-1: Ball
2-1: Foul Ball, location: 2F
2-2: Fly out, F7 (Flyball, 7S, EV 90.0 MPH)
Batting: RHB Rubén Vásquez 0-0: Ball
1-0: Ball
2-0: Swinging Strike
2-1: Foul Ball, location: 2F
2-2: Ball
Emílio Ramírez steals 2nd base (no throw)
3-2: Intentional Walk
Batting: RHB Charles Basle 0-0: Called Strike
0-1: Ball
1-1: Ball
2-1: Ball
3-1: Foul Ball, location: 2F
3-2: Foul Ball, location: 2F
3-2: SINGLE (Groundball, 6M, EV 101.2 MPH)
Asbel Kiprop scores
Emílio Ramírez to third
Rubén Vásquez to second
Runner from 3rd tries for Home, SAFE, throw by CF to home
Batting: RHB Mikael Evangjeli 0-0: Foul Ball, location: 2F
0-1: Called Strike
0-2: Ball
1-2: Foul Ball, location: 2F
1-2: Foul Ball, location: 2F
1-2: Foul Ball, location: 2F
1-2: Ball
2-2: Foul Ball, location: 2F
2-2: Fly out, F8 (Line Drive, 8LD, EV 90.0 MPH)
Batting: RHB Vaughn White 0-0: Ball
1-0: Ground out 5-3 (Groundball, 56S, EV 68.8 MPH)
Top of the 6th over - 3 runs, 3 hits, 0 errors, 2 left on base; Mercer Island 3 - Springfield 0
BOTTOM OF THE 6TH
Springfield Shooters batting - Pitching for Mercer Island Screaming Eagles : RHP James Lendell Basford
Batting: RHB Lucas Smith 0-0: Swinging Strike
0-1: Ball
1-1: Foul Ball, location: 2F
1-2: Ball
2-2: Strikes out looking
Batting: RHB Manny Valentín 0-0: Ball
1-0: Foul Ball, location: 2F
1-1: Ground out 6-3 (Groundball, 6, EV 88.8 MPH)
Batting: RHB Cornell MacDonald 0-0: Ball
1-0: Swinging Strike
1-1: Foul Ball, location: 2F
1-2: Strikes out swinging
Bottom of the 6th over - 0 runs, 0 hits, 0 errors, 0 left on base; Mercer Island 3 - Springfield 0
TOP OF THE 7TH
Mercer Island Screaming Eagles batting - Pitching for Springfield Shooters : LHP Brendon Lewis
Batting: LHB Tomislav Jovovich 0-0: Swinging Strike
0-1: Ball
1-1: Ball
2-1: Fly out, F6 (Popup, 56, EV 58.8 MPH)
Pitching: LHP Brant Mielke
Batting: RHB Maxence Sultanbekov 0-0: Ball
1-0: Called Strike
1-1: Swinging Strike
1-2: Ball
2-2: Foul Ball, location: 2F
2-2: Fly out, F9 (Flyball, 9LD, EV 88.8 MPH)
Batting: RHB Asbel Kiprop 0-0: Foul Ball, location: 2F
0-1: Foul Ball, location: 2F
0-2: Foul Ball, location: 2F
0-2: SINGLE (Groundball, 34D, EV 102.5 MPH)
Batting: RHB Emílio Ramírez 0-0: Ball
1-0: Ball
2-0: Ball
3-0: Called Strike
3-1: Called Strike
3-2: Base on Balls
Asbel Kiprop to second
Batting: RHB Frank Ray 0-0: Called Strike
0-1: SINGLE (Groundball, 34D, EV 97.5 MPH)
Asbel Kiprop to third
Emílio Ramírez to second
Runner from 3rd tries for Home, SAFE, no throw by RF
Batting: RHB Rubén Vásquez 0-0: Called Strike
0-1: Fly out, F9 (Flyball, 9, EV 93.8 MPH)
Top of the 7th over - 1 run, 2 hits, 0 errors, 2 left on base; Mercer Island 4 - Springfield 0
BOTTOM OF THE 7TH
Springfield Shooters batting - Pitching for Mercer Island Screaming Eagles : RHP James Lendell Basford
Batting: RHB Eugene Bowman 0-0: Ground out 5-3 (Groundball, 56S, EV 65.6 MPH)
Batting: RHB Brock Waxley 0-0: Called Strike
0-1: Foul Ball, location: 2F
0-2: Ball
1-2: Strikes out swinging
Batting: LHB Jorge Ortíz 0-0: Called Strike
0-1: Foul Ball, location: 2F
0-2: Fly out, F7 (Line Drive, 7, EV 93.1 MPH)
Bottom of the 7th over - 0 runs, 0 hits, 0 errors, 0 left on base; Mercer Island 4 - Springfield 0
TOP OF THE 8TH
Mercer Island Screaming Eagles batting - Pitching for Springfield Shooters : LHP Brant Mielke
Batting: RHB Charles Basle 0-0: Ball
1-0: Ball
2-0: Fly out, F8 (Line Drive, 8LD, EV 100.6 MPH)
Batting: RHB Mikael Evangjeli 0-0: Ball
1-0: Swinging Strike
1-1: Called Strike
1-2: Strikes out swinging
Batting: RHB Vaughn White 0-0: Called Strike
0-1: SINGLE (Line Drive, 3D, EV 103.1 MPH)
Batting: LHB Tomislav Jovovich 0-0: Ball
1-0: Foul Ball, location: 2F
1-1: Ball
2-1: Ball
3-1: Fly out, F7 (Flyball, 7, EV 95.6 MPH)
Top of the 8th over - 0 runs, 1 hit, 0 errors, 1 left on base; Mercer Island 4 - Springfield 0
BOTTOM OF THE 8TH
Springfield Shooters batting - Pitching for Mercer Island Screaming Eagles : RHP James Lendell Basford
Batting: RHB António Delgado 0-0: DOUBLE (Line Drive, 7LD, EV 106.2 MPH)
Batting: RHB Shigeaki Samurakami 0-0: Ball
1-0: Ball
2-0: Ball
3-0: Base on Balls
Batting: RHB Ramón Barbosa 0-0: Called Strike
0-1: Ball
1-1: Ball
2-1: Swinging Strike
2-2: Ball
3-2: Grounds into double play, 4-6-3 (Groundball, 4, EV 101.2 MPH)
António Delgado to third
Batting: RHB Lucas Smith 0-0: Called Strike
0-1: Swinging Strike
0-2: Ball
1-2: Strikes out swinging
Bottom of the 8th over - 0 runs, 1 hit, 0 errors, 1 left on base; Mercer Island 4 - Springfield 0
TOP OF THE 9TH
Mercer Island Screaming Eagles batting - Pitching for Springfield Shooters : LHP Brant Mielke
Batting: RHB Maxence Sultanbekov 0-0: Ball
1-0: Swinging Strike
1-1: Ball
2-1: Foul Ball, location: 2F
2-2: Ball
3-2: Foul Ball, location: 2F
3-2: Fly out, F3 (Line Drive, 3, EV 68.8 MPH)
Batting: RHB Asbel Kiprop 0-0: Called Strike
0-1: Fly out, F9 (Flyball, 9, EV 81.9 MPH)
Batting: RHB Emílio Ramírez 0-0: Ball
1-0: Foul Ball, location: 2F
1-1: Foul Ball, location: 2F
1-2: Ball
2-2: Strikes out swinging
Top of the 9th over - 0 runs, 0 hits, 0 errors, 0 left on base; Mercer Island 4 - Springfield 0
BOTTOM OF THE 9TH
Springfield Shooters batting - Pitching for Mercer Island Screaming Eagles : RHP James Lendell Basford
Batting: RHB Manny Valentín 0-0: Called Strike
0-1: Ball
1-1: Foul Ball, location: 2F
1-2: Ball
2-2: Strikes out swinging
Batting: RHB Cornell MacDonald 0-0: Foul Ball, location: 2F
0-1: Ball
1-1: Ball
2-1: Foul Ball, location: 2F
2-2: SINGLE (Line Drive, 7S, EV 105.0 MPH)
Pitching: RHP Carlos Cardoso
Batting: RHB Eugene Bowman 0-0: Ball
1-0: Called Strike
1-1: Swinging Strike
1-2: Fly out, F9 (Flyball, 9LD, EV 87.5 MPH)
Batting: RHB Brock Waxley 0-0: Called Strike
0-1: Fly out, F4 (Popup, 34, EV 60.0 MPH)
Bottom of the 9th over - 0 runs, 1 hit, 0 errors, 1 left on base; Mercer Island 4 - Springfield 0
Thursday, January 23rd, 2020 - OOTP Baseball 20.8 Build 74